[Event "Titled Tuesday Blitz July 11 Late 2023"]
[White "Bruedigam, Martin"]
[Black "Kopacz, Grzegorz"]
[WhiteFideId "24608033"]
[BlackFideId "1109880"]
[WhiteElo "2552"]
[BlackElo "2223"]
[Result "1-0"]
[Round "1"]
[TimeControl "180+2"]
[Date "2023.07.11"]
[WhiteClock "0:01:05"]
[BlackClock "0:00:00"]
[Board "160"]

1. c4 e5 2. Nc3 Nf6 3. a3 d5 4. cxd5 Nxd5 5. e4 Nb6 6. Nf3 Nc6 7. Bb5 Bd6 8. h3 O-O 9. O-O Nd4 10. d3 c6 11. Ba4 Nxa4 12. Nxa4 f5 13. Nc3 f4 14. b4 g5 15. Nh2 Qf6 16. f3 h5 17. Ne2 c5 18. Bb2 Nxe2+ 19. Qxe2 cxb4 20. axb4 Bxb4 21. d4 exd4 22. Qc4+ Be6 23. Qxb4 Rfd8 24. Rfd1 g4 25. Bxd4 Qh4 26. Qxb7 Bf7 27. hxg4 hxg4 28. Nxg4 Rab8 29. Qc7 Rbc8 30. Qe5 1-0


[Site "https://www.chess.com"]

[Event "Titled Tuesday Blitz July 11 Late 2023"]
[White "Thiel, Thomas"]
[Black "Przybylski, Wojciech"]
[WhiteFideId "4615964"]
[BlackFideId "1117599"]
[WhiteElo "2222"]
[BlackElo "2549"]
[Result "0-1"]
[Round "1"]
[TimeControl "180+2"]
[Date "2023.07.11"]
[WhiteClock "0:00:00"]
[BlackClock "0:01:27"]
[Board "161"]

1. e4 c5 2. Nc3 e5 3. Bc4 Nf6 4. d3 h6 5. f4 d6 6. Nf3 Bg4 7. O-O Nc6 8. Qe1 Bxf3 9. Rxf3 Nd4 10. Rf2 a6 11. a4 Ng4 12. Rd2 exf4 13. Nd5 Ne5 14. Qf2 g5 15. Ba2 Bg7 16. c3 Ne6 17. d4 cxd4 18. cxd4 Ng4 19. Qe2 h5 20. h3 Nxd4 21. Qd3 Ne5 22. Qf1 Ne6 23. Nc3 g4 24. Bxe6 fxe6 25. Qxf4 Bh6 26. Qg3 h4 27. Qe1 Qb6+ 0-1


[Site "https://www.chess.com"]

[Event "Titled Tuesday Blitz July 11 Late 2023"]
[White "only_strong_moves"]
[Black "Broca Jimenez, Fernando"]
[BlackFideId "5104742"]
[WhiteElo "2549"]
[BlackElo "2221"]
[Result "1-0"]
[Round "1"]
[TimeControl "180+2"]
[Date "2023.07.11"]
[WhiteClock "0:00:14"]
[BlackClock "0:00:01"]
[Board "162"]

1. d4 g6 2. e4 Bg7 3. Nc3 d6 4. f4 Nd7 5. Nf3 e5 6. Bc4 exd4 7. Nxd4 Ngf6 8. O-O O-O 9. Bb3 Nc5 10. Re1 Bg4 11. Nf3 Re8 12. h3 Nxb3 13. axb3 Bd7 14. Qd3 Bc6 15. Bd2 Nd7 16. b4 a6 17. Be3 b5 18. Bd4 Bb7 19. Bxg7 Kxg7 20. Rad1 Nb6 21. Qd4+ Kg8 22. e5 Bxf3 23. gxf3 Qh4 24. Kg2 dxe5 25. fxe5 Qxd4 26. Rxd4 Nc4 27. f4 Rad8 28. Nd5 Kf8 29. b3 c6 30. bxc4 cxd5 31. cxd5 Rc8 32. Re2 Rc3 33. d6 Rd8 34. d7 Ke7 35. Red2 Rc7 36. Kf3 Rdxd7 37. Rd6 Ra7 38. Ke4 Rxd6 39. Rxd6 f5+ 40. Kd5 Rc7 41. Re6+ Kf7 42. Rxa6 Rxc2 43. Ra7+ Ke8 44. Kd6 Rb2 45. Ra8+ Kf7 46. Ra7+ Ke8 47. Ke6 Kd8 48. Rxh7 Rxb4 49. Rh8+ Kc7 50. Kf6 Rxf4 51. e6 Re4 52. e7 Kd7 53. Rd8+ Kc7 54. e8=Q Re5 55. Qxe5+ 1-0


[Site "https://www.chess.com"]

[Event "Titled Tuesday Blitz July 11 Late 2023"]
[White "Cooper, Aaron"]
[Black "Arencibia Monduy, Antonio"]
[WhiteFideId "2634945"]
[BlackFideId "3507939"]
[WhiteElo "2221"]
[BlackElo "2548"]
[Result "0-1"]
[Round "1"]
[TimeControl "180+2"]
[Date "2023.07.11"]
[WhiteClock "0:00:00"]
[BlackClock "0:00:42"]
[Board "163"]

1. b4 e6 2. Bb2 Nf6 3. b5 d5 4. e3 c5 5. Nf3 Bd6 6. c4 O-O 7. Be2 b6 8. O-O Bb7 9. d4 dxc4 10. Bxc4 cxd4 11. Bxd4 Nbd7 12. Nbd2 e5 13. Bb2 Rc8 14. Rc1 Qe7 15. Qe2 Rfd8 16. Rfd1 h6 17. Nh4 Bb4 18. Nf5 Qf8 19. Nf3 g6 20. Ng3 Qe7 21. h4 e4 22. Nd4 Ne5 23. Bb3 Nd3 24. Rxc8 Rxc8 25. h5 Kh7 26. a4 Rc5 27. hxg6+ fxg6 28. f3 Nxb2 29. Qxb2 exf3 30. Qf2 Rc3 31. gxf3 Qxe3 32. Bc2 Bc5 0-1


[Site "https://www.chess.com"]

[Event "Titled Tuesday Blitz July 11 Late 2023"]
[White "Mortazavi, Ali"]
[Black "BrandonJiang123456"]
[WhiteFideId "401323"]
[WhiteElo "2546"]
[BlackElo "2220"]
[Result "0-1"]
[Round "1"]
[TimeControl "180+2"]
[Date "2023.07.11"]
[WhiteClock "0:00:00"]
[BlackClock "0:00:04"]
[Board "164"]

1. Nf3 f5 2. d3 Nf6 3. e4 d6 4. exf5 Bxf5 5. d4 e6 6. h3 Nc6 7. Bd3 Bxd3 8. Qxd3 Qd7 9. c4 O-O-O 10. Nc3 Re8 11. O-O h6 12. d5 Nb4 13. Qd1 e5 14. a3 Na6 15. b4 g5 16. Nb5 g4 17. hxg4 Qxg4 18. Nd2 Kb8 19. Qxg4 Nxg4 20. Ne4 Bg7 21. f3 Nf6 22. Be3 b6 23. Nxf6 Bxf6 24. Nc3 e4 25. Nxe4 Bxa1 26. Rxa1 h5 27. Bd4 Rhf8 28. Nf6 Re7 29. Nxh5 Re2 30. Nf6 Kb7 31. Rb1 Rd2 32. Ba1 Nb8 33. c5 Rf7 34. c6+ Kc8 35. Re1 Rf8 36. g4 a5 37. b5 Kd8 38. g5 Ra2 39. Bd4 Rd2 40. Bf2 Rd3 41. Kg2 Rd2 42. Kg3 Rd3 43. Kg4 Rxa3 44. g6 Ra4+ 45. f4 Rxf6 46. Bh4 Rxf4+ 47. Kg3 Rxh4 48. Kxh4 Rxg6 49. Kh5 Rg8 50. Kh6 Rf8 51. Kg7 Re8 52. Rh1 a4 53. Rh4 Re7+ 54. Kf6 Re8 55. Rxa4 Rf8+ 56. Ke6 Re8+ 57. Kf7 Re7+ 58. Kf6 Re8 59. Ra1 Rf8+ 60. Ke6 Re8+ 61. Kf7 Re7+ 62. Kf6 Re8 63. Ra8 Kc8 64. Ra1 Rf8+ 65. Ke7 Rh8 66. Rg1 Rh7+ 67. Kf6 Rh8 68. Kg7 Rd8 69. Rf1 Re8 70. Kf7 Kd8 71. Ra1 Re7+ 72. Kf6 Re8 73. Rg1 Re5 74. Rg8+ Re8 75. Rg7 Rf8+ 0-1


[Site "https://www.chess.com"]

[Event "Titled Tuesday Blitz July 11 Late 2023"]
[White "KSho99"]
[Black "Palencia Morales, Wilson Guillermo"]
[BlackFideId "4401859"]
[WhiteElo "2213"]
[BlackElo "2545"]
[Result "0-1"]
[Round "1"]
[TimeControl "180+2"]
[Date "2023.07.11"]
[WhiteClock "0:00:00"]
[BlackClock "0:00:30"]
[Board "165"]

1. d4 Nf6 2. Nc3 d5 3. Bf4 a6 4. e3 e6 5. g4 Bd6 6. Bd3 Bxf4 7. exf4 c5 8. dxc5 Qc7 9. Qf3 Qxc5 10. Nge2 Nc6 11. a3 e5 12. fxe5 Nxe5 13. Qg3 Nxd3+ 14. Qxd3 Bxg4 15. Rg1 Bh5 16. O-O-O O-O-O 17. Rg5 Bg6 18. Qd4 Qxd4 19. Rxd4 h6 20. Re5 Rhe8 21. Rxe8 Rxe8 22. Nf4 Re1+ 23. Kd2 Rf1 24. Nxg6 fxg6 25. Ke2 Rc1 26. Kd2 Rh1 27. Nxd5 Rxh2 0-1


[Site "https://www.chess.com"]

[Event "Titled Tuesday Blitz July 11 Late 2023"]
[White "Thorfinnsson, Bragi"]
[Black "Osmonbekov, Talaibek"]
[WhiteFideId "2300958"]
[BlackFideId "2017253"]
[WhiteElo "2543"]
[BlackElo "2213"]
[Result "1-0"]
[Round "1"]
[TimeControl "180+2"]
[Date "2023.07.11"]
[WhiteClock "0:00:11"]
[BlackClock "0:00:00"]
[Board "166"]

1. e4 c5 2. Nf3 d6 3. Nc3 Nf6 4. g3 e6 5. Bg2 Be7 6. O-O O-O 7. d4 cxd4 8. Nxd4 Bd7 9. h3 Nc6 10. Ndb5 Qb8 11. Bf4 e5 12. Bg5 a6 13. Na3 b5 14. Bxf6 Bxf6 15. Nd5 Bd8 16. c3 b4 17. Nc2 bxc3 18. bxc3 Be6 19. Nce3 Ra7 20. Qd3 a5 21. f4 exf4 22. gxf4 Bb6 23. Kh2 Bxe3 24. Nxe3 Rb7 25. e5 dxe5 26. Bxc6 exf4 27. Ng4 Rb2+ 28. Nf2 f3+ 29. Kh1 Bxh3 30. Qxf3 Bxf1 31. Rxf1 Rxa2 32. Bd5 Rb2 33. Ng4 Rb1 34. Rxb1 Qxb1+ 35. Kg2 a4 36. Ne5 Qc2+ 37. Kh3 a3 38. Nxf7 g6 39. Ng5+ Kg7 40. Ne6+ 1-0


[Site "https://www.chess.com"]

[Event "Titled Tuesday Blitz July 11 Late 2023"]
[White "Schachpanda_Youtube"]
[Black "Principe, Gerson"]
[BlackFideId "3804550"]
[WhiteElo "2209"]
[BlackElo "2543"]
[Result "1-0"]
[Round "1"]
[TimeControl "180+2"]
[Date "2023.07.11"]
[WhiteClock "0:00:26"]
[BlackClock "0:00:00"]
[Board "167"]

1. e4 c5 2. d4 cxd4 3. c3 Nf6 4. e5 Nd5 5. Qxd4 e6 6. Nf3 Nc6 7. Qe4 d6 8. Bb5 Bd7 9. c4 Nc7 10. exd6 Bxd6 11. O-O a6 12. Ba4 b5 13. cxb5 axb5 14. Bb3 Na5 15. Bc2 Bc6 16. Qg4 O-O 17. Nc3 f5 18. Qh5 g6 19. Qh3 e5 20. Bg5 Qe8 21. Rad1 Bc5 22. Rfe1 e4 23. Bh6 Rf7 24. Ng5 Re7 25. a3 Nc4 26. Bb3 Ne6 27. Nxe6 Rxe6 28. Nd5 Bxd5 29. Rxd5 Bf8 30. Bxf8 Qxf8 31. Qc3 Qg7 32. Qxg7+ Kxg7 33. Rd7+ Kh6 34. Rc1 Rc6 35. Rc3 Rac8 36. Rh3+ Kg5 37. Rg3+ Kf6 38. h4 Nxb2 39. Rxh7 Nd3 40. Rh6 Ke5 41. Rhxg6 Rxg6 42. Rxg6 Nf4 43. Rb6 1-0


[Site "https://www.chess.com"]

[Event "Titled Tuesday Blitz July 11 Late 2023"]
[White "Rottenwohrer Suarez, Juan"]
[Black "UgarteCesar"]
[WhiteFideId "32068182"]
[WhiteElo "2542"]
[BlackElo "2208"]
[Result "1-0"]
[Round "1"]
[TimeControl "180+2"]
[Date "2023.07.11"]
[WhiteClock "0:00:51"]
[BlackClock "0:00:47"]
[Board "168"]

1. c4 e6 2. g3 d5 3. Bg2 Nf6 4. Nf3 Nbd7 5. O-O dxc4 6. Qc2 a6 7. Qxc4 b5 8. Qc2 Bb7 9. a4 b4 10. d3 c5 11. Nbd2 Be7 12. a5 O-O 13. Nc4 h6 14. b3 Nd5 15. Bb2 Bf6 16. Rac1 Bxb2 17. Qxb2 Qf6 18. Qxf6 N7xf6 19. Nd6 Bc6 20. Rxc5 Bd7 21. Ne5 Ra7 22. Rfc1 Nc3 23. Kf1 Rd8 24. Ndxf7 Rf8 25. Nd6 Be8 26. Nxe8 Rxe8 27. Nc6 Rc7 28. d4 Nfd5 29. Nxb4 Rxc5 30. dxc5 Nxe2 31. Kxe2 Nxb4 32. c6 Rc8 33. c7 Nd5 34. Bxd5 exd5 35. Kd3 Kf7 36. Kd4 Ke7 37. Kxd5 Kd7 38. f4 1-0


[Site "https://www.chess.com"]

[Event "Titled Tuesday Blitz July 11 Late 2023"]
[White "Ankerst, Mihael"]
[Black "Leenhouts, Koen"]
[WhiteFideId "14602369"]
[BlackFideId "1008439"]
[WhiteElo "2204"]
[BlackElo "2542"]
[Result "1-0"]
[Round "1"]
[TimeControl "180+2"]
[Date "2023.07.11"]
[WhiteClock "0:02:39"]
[BlackClock "0:01:42"]
[Board "169"]

1. e4 e5 2. Nf3 Nc6 3. Nc3 Nf6 4. d4 exd4 5. Nxd4 Bb4 6. Nxc6 bxc6 7. Bd3 O-O 8. O-O d6 9. Bg5 h6 10. Bh4 Re8 11. f4 Rb8 12. Kh1 Bc5 13. e5 dxe5 14. fxe5 Rxe5 15. Bh7+ Kxh7 16. Qxd8 Be7 17. Qxc7 Ra8 18. Qxe5 1-0


[Site "https://www.chess.com"]

[Event "Titled Tuesday Blitz July 11 Late 2023"]
[White "Francisco Guecamburu, Candela Be"]
[Black "Rowe, Duane"]
[WhiteFideId "160911"]
[BlackFideId "7400268"]
[WhiteElo "2542"]
[BlackElo "2199"]
[Result "0-1"]
[Round "1"]
[TimeControl "180+2"]
[Date "2023.07.11"]
[WhiteClock "0:00:07"]
[BlackClock "0:00:26"]
[Board "170"]

1. e4 d5 2. exd5 Qxd5 3. Nc3 Qe6+ 4. Be2 Qg6 5. Bf3 e5 6. Nge2 Nf6 7. Ng3 Nc6 8. O-O Nd4 9. d3 h5 10. Nd5 Nxd5 11. Bxd5 c6 12. Be4 f5 13. c3 h4 14. cxd4 hxg3 15. Bf3 Rxh2 16. fxg3 Rh8 17. Qe1 Rg8 18. Qxe5+ Kd7 19. Bf4 Bd6 20. Qe3 Re8 21. Qd2 Qf6 22. Qc3 Bxf4 23. gxf4 Rh8 24. d5 Qxc3 25. bxc3 Kd6 26. c4 Bd7 27. Rfe1 Rae8 28. d4 c5 29. Red1 Rc8 30. Rac1 cxd4 31. Rxd4 b5 32. Be2 bxc4 33. Rdxc4 Rhe8 34. Bf1 Rh8 35. Rxc8 Rxc8 36. Rxc8 Bxc8 37. Bc4 Bb7 38. Kf2 Bxd5 39. Bxd5 Kxd5 40. Ke3 Kc4 41. g3 Kc3 42. Kf3 a5 43. g4 Kb2 44. gxf5 a4 45. Kg4 Kxa2 46. Kg5 Kb3 47. Kg6 a3 48. Kxg7 a2 49. f6 a1=Q 50. f5 Qd4 51. Kg6 Qg4+ 52. Kh6 Qxf5 53. Kg7 Qg5+ 54. Kf7 Kc4 55. Ke6 Qd5+ 56. Ke7 Qe5+ 57. Kf7 Kd5 58. Kg6 Ke6 0-1


[Site "https://www.chess.com"]

[Event "Titled Tuesday Blitz July 11 Late 2023"]
[White "Vujacic, Igor"]
[Black "Aggelis, Nikolaos"]
[WhiteFideId "932620"]
[BlackFideId "4213220"]
[WhiteElo "2171"]
[BlackElo "2537"]
[Result "0-1"]
[Round "1"]
[TimeControl "180+2"]
[Date "2023.07.11"]
[WhiteClock "0:00:00"]
[BlackClock "0:01:03"]
[Board "171"]

1. Nf3 f5 2. b3 Nf6 3. Bb2 g6 4. c4 Bg7 5. Nc3 O-O 6. Qc2 d6 7. g3 e5 8. d3 b6 9. Bg2 Bb7 10. O-O-O a5 11. Kb1 Na6 12. a3 Nc5 13. Ka2 Bc6 14. Rhg1 a4 15. b4 Nb3 16. d4 Bxf3 17. Bxf3 Nxd4 18. Qd3 Nxf3 19. exf3 Qd7 20. Nd5 Qf7 21. h4 Nxd5 22. cxd5 e4 23. fxe4 fxe4 24. Qxe4 Qxf2 25. Rg2 Qf3 26. Qxf3 Rxf3 27. Bxg7 Kxg7 28. Rc1 Rc8 29. Rgc2 Kf6 30. Rxc7 Rxc7 31. Rxc7 h5 32. Rc6 Ke5 33. Rxb6 Rxg3 34. Rb8 Kxd5 35. Rc8 Rg2+ 36. Kb1 Ke6 37. b5 Kd7 38. Rc4 Rg4 39. Rc3 d5 40. b6 Rc4 41. Rg3 Rc6 42. b7 Kc7 43. Rg5 Rd6 44. Kc2 d4 45. Kd3 Kxb7 0-1


[Site "https://www.chess.com"]

[Event "Titled Tuesday Blitz July 11 Late 2023"]
[White "Bilan, Danila"]
[Black "Cardenas Carbajal, Nilson"]
[WhiteFideId "24161918"]
[BlackFideId "8401128"]
[WhiteElo "2536"]
[BlackElo "2157"]
[Result "1-0"]
[Round "1"]
[TimeControl "180+2"]
[Date "2023.07.11"]
[WhiteClock "0:00:48"]
[BlackClock "0:00:10"]
[Board "172"]

1. d4 Nf6 2. Nf3 d5 3. c4 c6 4. Nc3 e6 5. Bg5 Be7 6. e3 h6 7. Bh4 Nbd7 8. Bd3 O-O 9. O-O a6 10. Rc1 dxc4 11. Bxc4 b5 12. Bd3 c5 13. Ne4 cxd4 14. Nxd4 Bb7 15. Nxf6+ Bxf6 16. Bg3 Bxd4 17. exd4 Nf6 18. Be5 Qd5 19. f3 Rac8 20. Qd2 Nd7 21. Be4 Qxa2 22. Bxb7 Rcd8 23. Bc7 Rde8 24. Bd6 1-0


[Site "https://www.chess.com"]

[Event "Titled Tuesday Blitz July 11 Late 2023"]
[White "Oliveira, Tiago Batista"]
[Black "Graif, William"]
[WhiteFideId "2108291"]
[BlackFideId "2609835"]
[WhiteElo "2155"]
[BlackElo "2536"]
[Result "0-1"]
[Round "1"]
[TimeControl "180+2"]
[Date "2023.07.11"]
[WhiteClock "0:00:00"]
[BlackClock "0:00:11"]
[Board "173"]

1. d4 Nf6 2. c4 e5 3. dxe5 Ng4 4. e6 dxe6 5. Qxd8+ Kxd8 6. g3 Bc5 7. e3 Bd7 8. Bg2 Bc6 9. Nf3 Ke7 10. O-O Nd7 11. Nc3 Rhd8 12. a3 a5 13. b3 Nde5 14. Nxe5 Nxe5 15. Bxc6 bxc6 16. Ne4 Ba7 17. Bb2 Nf3+ 18. Kg2 Nd2 19. Nxd2 Rxd2 20. Bxg7 Bxe3 21. Rae1 Bc5 22. Be5 Rb8 23. Bc3 Rc2 24. Bxa5 Rxb3 25. Bxc7 Rxc4 26. Rc1 Rbc3 27. Rxc3 Rxc3 28. a4 Rc2 29. a5 Ra2 30. h4 Kd7 31. Bb6 Bxb6 32. axb6 Rb2 33. Rd1+ Ke7 34. Kf3 Rxb6 35. Ke4 c5 36. f4 Rd6 37. Rc1 Rd5 38. Rb1 Kd6 39. Rb7 f5+ 40. Ke3 c4 41. Rxh7 Rd3+ 42. Kf2 Kd5 43. h5 Rd2+ 44. Ke1 Rh2 45. h6 Ke4 46. Rc7 Kd3 47. h7 Rh1+ 48. Kf2 c3 49. Rd7+ Kc2 50. Rc7 Kb2 51. Rb7+ Kc1 52. Rc7 c2 53. Kf3 Rh2 54. g4 fxg4+ 55. Kxg4 Kd1 56. Rd7+ Ke1 57. Rc7 Kd1 58. Rd7+ Kc1 59. Rc7 Rh1 60. Kg5 Kb2 61. Kg6 c1=Q 62. Rxc1 Kxc1 63. Kg7 Kd2 64. h8=Q Rxh8 65. Kxh8 Ke3 66. Kg7 Kxf4 67. Kf6 e5 0-1


[Site "https://www.chess.com"]

[Event "Titled Tuesday Blitz July 11 Late 2023"]
[White "Richter, Paul"]
[Black "Khouri, Ahmed Abbas"]
[WhiteFideId "2046350"]
[BlackFideId "9301518"]
[WhiteElo "2535"]
[BlackElo "2137"]
[Result "1-0"]
[Round "1"]
[TimeControl "180+2"]
[Date "2023.07.11"]
[WhiteClock "0:00:24"]
[BlackClock "0:00:10"]
[Board "174"]

1. e4 d5 2. exd5 Qxd5 3. Nc3 Qd6 4. Bc4 Nf6 5. Nge2 c6 6. d4 Bg4 7. Bf4 Qd8 8. Qd2 e6 9. O-O-O Be7 10. Be3 b5 11. Bb3 Nbd7 12. f3 Bh5 13. g4 Bg6 14. h4 a5 15. a4 b4 16. Nb1 h6 17. Nf4 Bh7 18. g5 Nd5 19. g6 Bxg6 20. Nxg6 fxg6 21. Qd3 O-O 22. Rhg1 Rxf3 23. Qxg6 Bf6 24. Bxh6 Qf8 25. Qg4 Rf2 26. Nd2 Kh8 27. Ne4 gxh6 28. Nxf2 Qf7 29. Ne4 Bg7 30. Rdf1 Qe7 31. Bxd5 cxd5 32. Ng3 b3 33. c3 Nf6 34. Qg6 Rc8 35. Nh5 Rxc3+ 36. Kb1 Rc7 37. Nxf6 Qxf6 38. Qxf6 Bxf6 39. Rxf6 Rc4 40. Rxh6# 1-0


[Site "https://www.chess.com"]

[Event "Titled Tuesday Blitz July 11 Late 2023"]
[White "deloewre"]
[Black "Yelisieiev, Yevhenii"]
[BlackFideId "14139642"]
[WhiteElo "2127"]
[BlackElo "2535"]
[Result "0-1"]
[Round "1"]
[TimeControl "180+2"]
[Date "2023.07.11"]
[WhiteClock "0:00:00"]
[BlackClock "0:01:08"]
[Board "175"]

1. d4 d6 2. c4 e5 3. Nf3 e4 4. Ng5 f5 5. Nc3 Nf6 6. g3 Be7 7. Bg2 O-O 8. O-O c6 9. f3 d5 10. Qb3 Qb6 11. Qxb6 axb6 12. fxe4 fxe4 13. cxd5 cxd5 14. Nh3 Nc6 15. e3 Be6 16. Nf4 Bf7 17. Bd2 g5 18. Nh3 h6 19. Rf2 Nb4 20. a4 Nd3 21. Rff1 Nxb2 22. Rfb1 Nc4 23. Bc1 Ng4 24. Nd1 Be8 25. Nhf2 Nxf2 26. Nxf2 Bxa4 27. Ng4 Kg7 28. Ne5 Nxe5 29. dxe5 Bc5 30. Bf1 Bd7 31. Bd2 d4 32. exd4 Bxd4+ 0-1


[Site "https://www.chess.com"]

[Event "Titled Tuesday Blitz July 11 Late 2023"]
[White "Sidletskyi, Ivan"]
[Black "Winkels, Marcel"]
[WhiteFideId "14156024"]
[BlackFideId "1003887"]
[WhiteElo "2534"]
[BlackElo "2121"]
[Result "1-0"]
[Round "1"]
[TimeControl "180+2"]
[Date "2023.07.11"]
[WhiteClock "0:00:12"]
[BlackClock "0:00:02"]
[Board "176"]

1. c4 c5 2. Nc3 Nc6 3. g3 g6 4. Bg2 Bg7 5. e3 e5 6. Nge2 Nge7 7. O-O O-O 8. Rb1 a5 9. a3 d6 10. Nd5 Rb8 11. Nec3 Be6 12. d3 f5 13. b4 axb4 14. axb4 Kh8 15. bxc5 dxc5 16. Nb6 Nb4 17. Nca4 Qxd3 18. Qxd3 Nxd3 19. Ba3 e4 20. Rfd1 Rfd8 21. Bf1 Nc6 22. Bxd3 Rxd3 23. Rxd3 exd3 24. Nxc5 Bg8 25. Nxd3 Rd8 26. Nf4 Na5 27. Nfd5 Nxc4 28. Nxc4 Bxd5 29. Nd2 Bf6 30. Rc1 Bc6 31. Nc4 Bc3 32. Bc5 b5 33. Nd6 b4 34. Nf7+ Kg7 35. Nxd8 Be4 36. Bd4+ Bxd4 37. exd4 b3 38. Ne6+ Kf6 39. Nc5 b2 40. Nxe4+ fxe4 41. Rb1 Ke6 42. Rxb2 Kd5 43. Rd2 Kc4 44. Kf1 Kc3 45. Ke2 e3 46. Kxe3 Kc4 47. d5 Kc5 48. d6 Kc6 49. d7 1-0


[Site "https://www.chess.com"]

[Event "Titled Tuesday Blitz July 11 Late 2023"]
[White "campochess"]
[Black "Hajiyev, Kanan"]
[BlackFideId "13404148"]
[WhiteElo "2117"]
[BlackElo "2533"]
[Result "0-1"]
[Round "1"]
[TimeControl "180+2"]
[Date "2023.07.11"]
[WhiteClock "0:01:01"]
[BlackClock "0:00:47"]
[Board "177"]

1. d4 Nf6 2. Bg5 e6 3. e4 Be7 4. Nd2 h6 5. Bxf6 Bxf6 6. Ngf3 O-O 7. Bd3 d5 8. e5 Be7 9. h4 c5 10. c3 Nc6 11. Rc1 cxd4 12. cxd4 f5 13. exf6 Bxf6 14. Nb3 a5 15. a4 e5 16. dxe5 Nxe5 17. Nxe5 Bxe5 18. Qh5 Bxb2 19. Rc2 Qe8+ 20. Qxe8 Rxe8+ 21. Kd1 Bf6 22. f3 b6 23. Rc6 Rb8 24. g3 Re6 25. Rc2 Bd7 26. Bb5 Bxb5 27. axb5 a4 28. Nd2 a3 29. Ra2 Bb2 30. Kc2 Rc8+ 31. Kd1 Rc1# 0-1


[Site "https://www.chess.com"]

[Event "Titled Tuesday Blitz July 11 Late 2023"]
[White "MFatigue"]
[Black "Hartikainen, Jarmo"]
[BlackFideId "503134"]
[WhiteElo "2532"]
[BlackElo "2114"]
[Result "1-0"]
[Round "1"]
[TimeControl "180+2"]
[Date "2023.07.11"]
[WhiteClock "0:00:18"]
[BlackClock "0:00:00"]
[Board "178"]

1. e4 c5 2. a3 g6 3. h4 Nf6 4. Nc3 Nc6 5. Bc4 e6 6. d3 d5 7. Bb5 h6 8. Bf4 Bg7 9. Nf3 d4 10. Bxc6+ bxc6 11. Ne2 Nd7 12. O-O e5 13. Bg3 O-O 14. Qd2 Re8 15. Nh2 Rb8 16. b4 Qe7 17. Rfb1 Ba6 18. Nf1 c4 19. dxc4 Bxc4 20. Nc1 Kh7 21. Nd3 Bxd3 22. cxd3 a6 23. Qc2 c5 24. Qc4 Qe6 25. Qxe6 Rxe6 26. Nd2 cxb4 27. Rxb4 Rxb4 28. axb4 Rb6 29. Ra4 Bf8 30. Nc4 Rxb4 31. Rxa6 Rb1+ 32. Kh2 Nc5 33. Nxe5 Nxa6 34. Nxf7 Bg7 35. e5 Nc5 36. Nd6 Ne6 37. f4 Rd1 38. h5 Rxd3 39. hxg6+ Kg8 40. f5 Ng5 41. f6 Rxg3 42. Kxg3 d3 43. Kf2 Ne6 44. Ke3 Nc5 45. g4 1-0


[Site "https://www.chess.com"]

[Event "Titled Tuesday Blitz July 11 Late 2023"]
[White "cycygogne"]
[Black "Mattheii"]
[WhiteElo "2113"]
[BlackElo "2532"]
[Result "1-0"]
[Round "1"]
[TimeControl "180+2"]
[Date "2023.07.11"]
[WhiteClock "0:01:21"]
[BlackClock "0:00:34"]
[Board "179"]

1. e4 c5 2. Nf3 Nc6 3. b4 cxb4 4. d4 d5 5. exd5 Qxd5 6. c4 bxc3 7. Nxc3 Qa5 8. Bd2 e6 9. d5 exd5 10. Nb5 Qd8 11. Bf4 Bb4+ 12. Nd2 Qe7+ 13. Be2 Ne5 14. O-O a6 15. Qa4 Bd7 16. Bxe5 Qxe5 17. Qxb4 axb5 18. Bxb5 Qc7 19. Rfe1+ Kd8 20. Qf8+ 1-0


[Site "https://www.chess.com"]

[Event "Titled Tuesday Blitz July 11 Late 2023"]
[White "Gasparyan, David"]
[Black "Tsukerman, Julia"]
[WhiteFideId "13311980"]
[BlackFideId "2621649"]
[WhiteElo "2530"]
[BlackElo "2077"]
[Result "0-1"]
[Round "1"]
[TimeControl "180+2"]
[Date "2023.07.11"]
[WhiteClock "0:01:24"]
[BlackClock "0:00:07"]
[Board "180"]

1. Nf3 d5 2. g3 Nf6 3. Bg2 c5 4. O-O Nc6 5. d4 e6 6. b3 b6 7. Bb2 Bb7 8. e3 Be7 9. Nbd2 O-O 10. c4 cxd4 11. Nxd4 Nxd4 12. Bxd4 Rc8 13. Qe2 Qd7 14. Rfd1 Qc7 15. Rac1 Qb8 16. cxd5 Bxd5 17. e4 Bb7 18. Nc4 Rfd8 19. Qe3 Qa8 20. Re1 h6 21. h3 Nd7 22. Qc3 Nf6 23. Qe3 Nd7 24. Rcd1 Bb4 25. Re2 Be7 26. Red2 Nf6 27. Bb2 Rxd2 28. Rxd2 Bxe4 29. Bxf6 Bxg2 30. f4 Bxf6 31. Rxg2 Rd8 32. Ne5 Qd5 33. Kh2 Bxe5 34. fxe5 Qc5 35. Qf4 Rd5 36. Rf2 Qe7 37. Re2 Qd7 38. Qc1 Rd3 39. Rc2 Rd5 40. Rc7 Rd2+ 41. Kg1 Qd4+ 42. Kh1 Qe4+ 43. Kg1 Qg2# 0-1


[Site "https://www.chess.com"]

[Event "Titled Tuesday Blitz July 11 Late 2023"]
[White "Djordjevic, Dejan N"]
[Black "Moral Garcia, Serafin"]
[WhiteFideId "913316"]
[BlackFideId "2201925"]
[WhiteElo "2075"]
[BlackElo "2530"]
[Result "0-1"]
[Round "1"]
[TimeControl "180+2"]
[Date "2023.07.11"]
[WhiteClock "0:00:00"]
[BlackClock "0:00:21"]
[Board "181"]

1. e4 c5 2. Nc3 e6 3. g3 Nc6 4. Bg2 g6 5. Nge2 Bg7 6. O-O Nge7 7. d3 d5 8. exd5 exd5 9. Bg5 Be6 10. Nf4 Qd7 11. Nxe6 fxe6 12. Re1 O-O 13. Qg4 Nf5 14. h4 Ncd4 15. Rac1 Rae8 16. Bd2 b5 17. h5 gxh5 18. Qxh5 b4 19. Nd1 Qf7 20. Qxf7+ Kxf7 21. c3 bxc3 22. bxc3 Nc6 23. Rb1 Rb8 24. Ne3 Nxe3 25. fxe3 Ne5 26. Rf1+ Ke7 27. d4 Nc4 28. Rxb8 Rxb8 29. Bc1 Rb1 30. e4 Ke8 31. exd5 cxd4 32. dxe6 Rb6 33. Bh3 dxc3 34. Bg5 c2 35. Bg4 Bd4+ 36. Kh1 Ne5 37. Rc1 Nxg4 38. Rxc2 Nf6 39. Kg2 Rxe6 40. Kf3 Kf7 41. Rc7+ Re7 42. Rc4 Be5 43. Be3 Bxg3 44. Bc5 Rc7 0-1


[Site "https://www.chess.com"]

[Event "Titled Tuesday Blitz July 11 Late 2023"]
[White "Kanyamarala, Tarun"]
[Black "Gazola, Vanessa Ramos"]
[WhiteFideId "45004714"]
[BlackFideId "2112590"]
[WhiteElo "2529"]
[BlackElo "2062"]
[Result "1-0"]
[Round "1"]
[TimeControl "180+2"]
[Date "2023.07.11"]
[WhiteClock "0:00:22"]
[BlackClock "0:00:00"]
[Board "182"]

1. d4 d5 2. c4 e6 3. Nc3 Be7 4. Nf3 Nf6 5. Bg5 h6 6. Bxf6 Bxf6 7. Qd2 b6 8. e3 Bb7 9. cxd5 exd5 10. Bb5+ c6 11. Bd3 O-O 12. h3 c5 13. O-O c4 14. Bc2 a6 15. Rfe1 Nd7 16. e4 dxe4 17. Nxe4 Bxe4 18. Bxe4 Ra7 19. a4 Rc7 20. Rac1 b5 21. axb5 axb5 22. Qb4 Qb8 23. Ra1 Qb6 24. Ra5 Rb8 25. Rd1 Ra7 26. Rxa7 Qxa7 27. Bc6 Nf8 28. d5 Qb6 29. g3 Ng6 30. Kg2 Ne5 31. Nxe5 Bxe5 32. Re1 f6 33. f4 Bd4 34. Re2 Bc5 35. Qe1 b4 36. Qc1 Qa6 37. Qc2 b3 38. Qe4 Rf8 39. d6 Kh8 40. d7 Qb6 41. Bd5 Qd6 42. Qxc4 Ba7 43. Bc6 Qc7 44. Qb5 Qd6 45. Bd5 1-0


[Site "https://www.chess.com"]

[Event "Titled Tuesday Blitz July 11 Late 2023"]
[White "Semenova, Alina"]
[Black "brm72"]
[WhiteFideId "24113875"]
[WhiteElo "2059"]
[BlackElo "2529"]
[Result "0-1"]
[Round "1"]
[TimeControl "180+2"]
[Date "2023.07.11"]
[WhiteClock "0:00:00"]
[BlackClock "0:01:26"]
[Board "183"]

1. e4 c6 2. d4 d5 3. e5 c5 4. dxc5 e6 5. Nc3 Bxc5 6. Nf3 Nc6 7. a3 Nge7 8. Bd3 Ng6 9. Bxg6 hxg6 10. Bg5 Qb6 11. Na4 Bxf2+ 12. Kf1 Qa6+ 13. c4 Bb6 14. Nxb6 axb6 15. Kf2 Qxc4 16. Rc1 Qb5 17. Qd2 Bd7 18. Rc2 Ra4 19. Rhc1 O-O 20. h4 f6 21. exf6 gxf6 22. Be3 e5 23. Kg1 d4 24. Bf2 Bf5 25. b3 Qxb3 0-1


[Site "https://www.chess.com"]